 Dungeon Crawl Stone Soup version 0.29.1-1-gd02db6906a (webtiles) character file.

Game seed: 14808494956891958381

298 mcbry74 the Chopper (level 6, 0/50 HPs)
             Began as a Hill Orc Fighter on Oct 4, 2022.
             Was a Believer of Hepliaklqana.
             Slain by a kobold brigand
             ... wielding a +0 dagger
              (4 damage)
             ... on level 4 of the Dungeon.
             The game lasted 00:10:35 (3314 turns).

mcbry74 the Chopper (Hill Orc Fighter)              Turns: 3314, Time: 00:10:36

Health: 0/50       AC:  7    Str: 21    XL:     6   Next: 35%
Magic:  6/6        EV:  9    Int:  8    God:    Hepliaklqana [**....]
Gold:   123        SH:  4    Dex: 10    Spells: 5/5 levels left

rFire   . . .      SeeInvis .   a - +0 war axe
rCold   . . .      Faith    .   c - +0 buckler
rNeg    . . .      Spirit   .   b - +0 scale mail
rPois   .          Reflect  .   (no helmet)
rElec   .          Harm     .   (no cloak)
rCorr   .          Rampage  .   (no gloves)
Will    .....                   (no boots)
Stlth   ..........              (no amulet)
HPRegen 0.16/turn               (no ring)
MPRegen 0.10/turn               (no ring)

@: lethally poisoned (0 -> -3)
A: reduced essence
a: Renounce Religion, Recall Ancestor, Ancestor Identity


You were on level 4 of the Dungeon.
You worshipped Hepliaklqana.
Hepliaklqana was pleased with you.
You visited 1 branch of the dungeon, and saw 4 of its levels.

You collected 123 gold pieces.

Inventory:

Hand Weapons
 a - a +0 war axe (weapon)
Missiles
 h - 2 atropa-tipped darts (quivered)
 m - 5 boomerangs
 t - a throwing net
Armour
 b - a +0 scale mail (worn)
 c - a +0 buckler (worn)
Scrolls
 f - a scroll of teleportation
 i - a scroll of fear
 j - 2 scrolls of blinking
 o - a scroll of vulnerability
Potions
 e - a potion of berserk rage {unknown}
 g - a potion of lignification {unknown}
 k - 2 potions of magic {unknown}
 l - 2 potions of curing {unknown}
 n - 4 potions of flight {unknown}
 s - 2 potions of attraction {unknown}
 u - a potion of invisibility {unknown}


   Skills:
 - Level 5.0 Fighting
 * Level 6.5 Axes
 + Level 4.7 Armour
 - Level 3.2 Shields


You had 5 spell levels left.
You didn't know any spells.
Your spell library contained the following spells:

 Spells                   Type           Power      Damage    Failure   Level
 Gell's Gravitas          Tloc           0%         N/A       99%         3
 Teleport Other           Tloc           0%         N/A       99%         3
 Dispersal                Tloc           0%         N/A       100%        6


Dungeon Overview and Level Annotations

Branches:
Dungeon (4/15)
 Temple: D:4-7

Altars:
Cheibriados
Hepliaklqana
Zin

Shops:
D:4 (


Message History

You start waiting.
Done waiting.
There is a stone staircase leading down here.
You climb downwards.
There is a stone staircase leading up here.
There is a stone staircase leading up here.
The kobold brigand shouts!
You hear a shout!
The orc warrior shouts!
The endoplasm barely misses Iltani.
Iltani hits the endoplasm with a +0 quarterstaff.
The endoplasm hits Iltani.
Iltani hits the endoplasm with a +0 quarterstaff!
The endoplasm dies!
Iltani hits the kobold brigand with a +0 quarterstaff!
The kobold brigand throws a poisoned dart.
The poisoned dart hits you.
You are poisoned.
The orc warrior hits Iltani with a +1 glaive of distortion!
Space warps around Iltani.
Iltani hits the orc warrior with a +0 quarterstaff.
You feel sick.
The kobold brigand hits you with a +0 dagger.
The orc warrior hits you from afar with a +1 glaive of distortion!
Space warps around you.
Iltani points at the orc warrior and mumbles some strange words.
The stone arrow hits the orc warrior!
You slash the kobold brigand!
The kobold brigand is almost dead.
You feel sick.
The kobold brigand hits you with a +0 dagger.
The orc barely misses Iltani.
The orc warrior hits you from afar with a +1 glaive of distortion!
Space warps horribly around you!!
* * * LOW HITPOINT WARNING * * *
Iltani gestures at the orc warrior while chanting.
The stone arrow hits the orc warrior.
The orc hits Iltani with a +0 dagger.
The kobold brigand completely misses you.
You block the orc warrior's attack.
The kobold brigand attacks as you move away!
The kobold brigand hits you with a +0 dagger.
You die...

## ##...#.....<..#...## ##...
.#####....#∩.o....####..#####..##
..#.J.....#......## #...^....##
..o..o...#......## ##.......#
................# ##.####>.##
...#...........## #..# ##..#
...........#..o## ###..# #..##
.>....[.....#.oR####....# ##..#
.####.......##.K@.......# #... ##
#>......###...#####.## ##..
##........##..## #..# #...
#............## ###..# ##..
#....).......# #...## ##.
##...######...# ##### ## ###....#
##.## # .#.....# ### .......#


You could see the friendly Iltani the battlemage, an orc warrior (ally target),
a kobold brigand and an orc.

Vanquished Creatures
  Sigmund (D:2)
  An adder (D:2)
  3 gnolls (D:3)
  2 worms
  A dart slug (D:4)
  2 orcs
  5 endoplasms
  A giant cockroach (D:1)
  6 goblins
  3 hobgoblins
  2 jackals (D:1)
  4 quokkas
  6 ball pythons
  5 bats
  3 frilled lizards
  3 kobolds
  5 rats
53 creatures vanquished.

Vanquished Creatures (collateral kills)
  A gnoll (D:3)
  An adder (D:4)
  A dart slug (D:3)
  2 orcs (D:4)
  2 bats
  2 endoplasms (D:4)
  A giant cockroach (D:2)
  2 goblins (D:3)
  2 quokkas (D:4)
  A frilled lizard (D:3)
  A kobold (D:2)
  A rat (D:3)
17 creatures vanquished.

Vanquished Creatures (others)
  A battlemage (D:4)
  5 plants (D:1)
  5 withered plants (D:1)
11 creatures vanquished.

Grand Total: 81 creatures vanquished

Notes
Turn   | Place    | Note
-------+----------+-------------------------------------------
     0 | D:1      | mcbry74 the Hill Orc Fighter began the quest for the Orb.
     0 | D:1      | Reached XP level 1. HP: 19/19 MP: 1/1
    64 | D:1      | Reached skill level 3 in Axes
   148 | D:1      | Reached XP level 2. HP: 27/27 MP: 2/2
   605 | D:1      | Found a faded altar of an unknown god.
   637 | D:1      | Prayed at the altar of an unknown god.
   637 | D:1      | Became a worshipper of Hepliaklqana the Forgotten
   637 | D:1      | Reached * piety under Hepliaklqana
   687 | D:1      | Reached XP level 3. HP: 27/29 MP: 3/3
  1218 | D:2      | Noticed Sigmund
  1237 | D:2      | Killed Sigmund
  1238 | D:2      | Reached skill level 5 in Axes
  1238 | D:2      | Reached XP level 4. HP: 36/36 MP: 4/4
  1238 | D:2      | Reached XP level 5. HP: 42/42 MP: 5/5
  1277 | D:2      | Found a snail-covered altar of Cheibriados.
  1952 | D:3      | Reached skill level 5 in Fighting
  1952 | D:3      | Reached skill level 6 in Axes
  1952 | D:3      | Reached XP level 6. HP: 49/50 MP: 3/6
  2247 | D:3      | Found a glowing silver altar of Zin.
  2253 | D:3      | Reached ** piety under Hepliaklqana
  2254 | D:3      | Remembered your ancestor Iltani as a battlemage
  2463 | D:4      | Found Naner's Antique Weapon Emporium.
  2744 | D:4      | Noticed an orc warrior
  3314 | D:4      | Slain by a kobold brigand

Illustrated notes

Levels and vault maps discovered:
D:1:      dpeg_arrival_rooms_a, layout_basic,
          shapermc_ecumenical_altar_flowoftime, serial_bayou_pond_d, st_stairs_2
D:2:      layout_basic, basic_altar, minmay_tetromino_l4, uniq_sigmund
D:3:      layout_rooms, old_standard_altar, small_statue_intersection,
          minmay_hedge_maze
D:4:      layout_layer_cave, amcnicky_altar_gilded,
          mainiacjoe_overflow_brackets, serial_shops, shop

Skill      XL: |  1  2  3  4  5 |
---------------+----------------+-----
Axes           | 3 5 6 |  6.5
Fighting       | 4 5 |  5.0
Armour         | 4 |  4.7
Shields        | |  3.2

Action                   |  1- 3 |  4- 6 || total
-------------------------+-------+-------++-------
Melee: War axe           |    80 |    53 ||   133
Throw: Dart              |       |     3 ||     3
Invok: Ancestor Identity |     1 |     1 ||     2
       Recall Ancestor   |       |     1 ||     1
       Ancestor Life: Ba |       |     1 ||     1
  Use: Potion            |     1 |       ||     1
       Scroll            |       |     8 ||     8
 Stab: Distracted        |       |     1 ||     1
Armor: Scale mail        |    42 |    25 ||    67
Dodge: Dodged            |    33 |    19 ||    52
Block: Buckler           |    18 |    11 ||    29
